TORONTO vs NEW JERSEY

Created - January 10, 2021 at 07:07

Goals
1 2 3 T
TORONTO 0 1 1 2
NEW JERSEY 2 0 1 3
Shots
1 2 3 T
TORONTO 7 11 3 21
NEW JERSEY 16 4 16 36

1st period

1. NEW JERSEY , Sean Couturier 1 (Alex DeBrincat 2, Dougie Hamilton 5) at 6:37
2. NEW JERSEY , Sean Couturier 2 (Dougie Hamilton 6, Jeff Petry 2) at 12:48 (PP)

Penalties :
Matt Niskanen (TOR) for Tripping (Minor) at 0:17, Ethan Bear (TOR) for Interference (Minor) at 2:40, Ethan Bear (TOR) for Slashing (Minor) at 10:51

2nd period

3. TORONTO , Ethan Bear 1 (Joe Pavelski 2, Jeff Skinner 2) at 1:54

Penalties :
Ian Cole (TOR) for Hooking (Minor) at 11:21

3rd period

4. NEW JERSEY , Anders Lee 2 (Dmitry Orlov 1, Dylan Strome 5) at 9:03
5. TORONTO , Kevin Shattenkirk 2 (Ryan Reaves 1, Ethan Bear 3) at 13:13

Penalties :
Ondrej Palat (TOR) for Cross-checking (Minor) at 0:02, Mikael Granlund (NJ ) for Tripping (Minor) at 4:37, Joe Pavelski (TOR) for High sticking (Minor) at 18:44

Goalie Stats

Anton Khudobin (TOR), 33 saves from 36 shots - (0.917), L, 2-3-0, 60:00 minutes
Cal Petersen (NJ ), 19 saves from 21 shots - (0.905), W, 2-2-1, 60:00 minutes

Players Stats for TORONTO

Player Name              G  A  P  +/- PIM S  H  SB GA TA FO     MP     PP MP  PK MP  
------------------------------------------------------------------------------------
Brady Tkachuk            0  0  0   1  0   3  4  0  0  0  1/1    16:12   0:46   1:16 
Brayden Point            0  0  0   0  0   1  0  0  0  0  8/12   23:20   1:13   6:09 
Curtis Lazar             0  0  0   1  0   1  0  0  0  0  4/9    11:34   0:00   4:27 
Ethan Bear               1  1  2   2  4   1  1  2  0  0  0/0    18:52   0:00   2:08 
Ian Cole                 0  0  0  -1  2   1  1  0  0  0  0/0    18:57   0:00   5:13 
Jeff Skinner             0  1  1   1  0   1  0  0  0  0  0/1    14:56   0:46   0:00 
Joe Pavelski             0  1  1   1  2   1  0  0  0  0  8/18   15:40   1:13   0:18 
Jordan Martinook         0  0  0   1  0   0  1  1  0  0  0/0    11:34   0:00   4:27 
Jordie Benn              0  0  0  -1  0   1  1  0  0  0  0/0    18:42   0:00   4:57 
Josh Morrissey           0  0  0  -1  0   1  1  2  0  0  0/0    21:38   0:46   4:30 
Justin Williams          0  0  0  -2  0   1  2  0  0  0  0/0     9:38   0:00   0:00 
Kevin Shattenkirk        1  0  1   2  0   1  0  1  0  0  0/0    17:59   1:13   0:00 
Mark Scheifele           0  0  0   0  0   2  1  0  0  0  8/20   17:11   1:13   0:00 
Matt Niskanen            0  0  0  -1  2   1  2  1  0  0  0/0    22:35   0:46   5:28 
Nick Suzuki              0  0  0  -2  0   1  0  0  0  0  4/13   10:24   0:46   0:00 
Ondrej Palat             0  0  0   0  2   2  2  0  0  0  1/4    21:42   1:13   4:32 
Oskar Lindblom           0  0  0  -2  0   2  2  0  0  0  0/0     9:38   0:00   0:00 
Ryan Reaves              0  1  1   1  0   0  0  0  0  0  0/1     8:14   0:00   1:07 

Players Stats for NEW JERSEY

Player Name              G  A  P  +/- PIM S  H  SB GA TA FO     MP     PP MP  PK MP  
------------------------------------------------------------------------------------
Alex DeBrincat           0  1  1   1  0   0  0  0  0  0  2/3    19:55   5:22   0:00 
Anders Lee               1  0  1   0  0   3  3  0  0  0  0/1    18:40   5:22   1:20 
Andrew Copp              0  0  0   0  0   1  1  0  0  0  5/11    8:06   0:00   0:27 
Anthony Duclair          0  0  0  -1  0   0  0  0  0  0  0/1    13:10   0:00   0:27 
Brad Hunt                0  0  0  -1  0   0  0  0  0  0  0/0    14:14   0:00   0:00 
Danton Heinen            0  0  0   0  0   0  0  0  0  0  0/0     7:39   0:00   0:00 
Derek Stepan             0  0  0  -1  0   1  1  0  0  0  7/13   13:10   0:00   0:27 
Dmitry Orlov             0  1  1   1  0   2  1  0  0  0  0/0    21:31   5:37   1:01 
Dougie Hamilton          0  2  2   0  0   4  3  3  0  0  0/0    24:15   5:31   0:58 
Dylan Strome             0  1  1   0  0   3  0  0  0  0  13/25  17:20   5:22   0:00 
Evander Kane             0  0  0   0  0   5  3  0  0  0  0/0    17:44   5:46   0:00 
Jake Guentzel            0  0  0   1  0   2  2  1  0  0  1/1    20:19   5:46   0:00 
Jake Muzzin              0  0  0   1  0   1  2  0  0  0  0/0    21:31   5:37   1:01 
Jeff Petry               0  1  1   0  0   5  3  1  0  0  0/0    24:15   5:31   0:58 
Mikael Granlund          0  0  0  -1  2   1  0  0  0  0  1/1    12:42   0:00   0:00 
Samuel Girard            0  0  0  -1  0   2  0  0  0  0  0/0    14:14   0:00   0:00 
Sean Couturier           2  0  2   1  0   6  0  1  0  0  16/23  21:36   5:46   1:17 
Zach Aston-Reese         0  0  0   0  0   0  1  0  0  0  0/0     7:39   0:00   0:00 

3 Stars

1 - Sean Couturier (NJ )
2 - Dougie Hamilton (NJ )
3 - Anders Lee (NJ )

Power Play

TORONTO - 0 on 1 Attempt(s) - 0.00%
NEW JERSEY - 1 on 6 Attempt(s) - 16.67%

Penalty Kill

TORONTO - 5 on 6 Attempt(s) - 83.33% - Score 0 goal in Penalty Kill
NEW JERSEY - 1 on 1 Attempt(s) - 100.00% - Score 0 goal in Penalty Kill

Team Stat

TORONTO - Hits : 18 - Faceoff Wins : 34 - Blocked Shots : 7 - Penalty Minutes : 12
NEW JERSEY - Hits : 20 - Faceoff Wins : 45 - Blocked Shots : 6 - Penalty Minutes : 2

Official

Referees : Trevor Hanson and Kendrick Nicholson
Linesman : Tyson Baker and Justin Cornell

Game Notes

No Game Note

Finance

Level 1 -- Attendance: 4798 (79.97%) -- Ticket Income $479,800
Level 2 -- Attendance: 4212 (84.24%) -- Ticket Income $252,720
Level 3 -- Attendance: 1400 (70.00%) -- Ticket Income $56,000
Level 4 -- Attendance: 4000 (100.00%) -- Ticket Income $80,000
Luxury Box -- Attendance: 891 (89.10%) -- Ticket Income $160,380
Game was played at the Binghamton Devils.
Total Attendance: 15301 (85.01%)
Total Ticket Income: $1,028,900
Total Income: $1,028,900

TORONTO

5 vs 5 Forward 
   Center                   Left Wing                Right Wing               Time % Phy DF OF 
 1 Mark Scheifele           Ondrej Palat             Brayden Point            35     1   1  3  
 2 Joe Pavelski             Brady Tkachuk            Jeff Skinner             30     2   1  2  
 3 Nick Suzuki              Oskar Lindblom           Justin Williams          20     1   2  2  
 4 Curtis Lazar             Jordan Martinook         Ryan Reaves              15     2   2  1  

5 vs 5 Defense 
   Defense                  Defense                                           Time % Phy DF OF 
 1 Josh Morrissey           Matt Niskanen                                     35     1   2  2  
 2 Ethan Bear               Kevin Shattenkirk                                 35     1   2  2  
 3 Ian Cole                 Jordie Benn                                       25     1   3  1  
 4 Josh Morrissey           Matt Niskanen                                     5      1   2  2  

PowerPlay Forward 
   Center                   Left Wing                Right Wing               Time % Phy DF OF 
 1 Joe Pavelski             Ondrej Palat             Brayden Point            60     1   2  2  
 2 Nick Suzuki              Brady Tkachuk            Jeff Skinner             40     1   2  2  

PowerPlay Defense
   Defense                  Defense                                           Time % Phy DF OF 
 1 Mark Scheifele           Kevin Shattenkirk                                 60     1   2  2  
 2 Matt Niskanen            Josh Morrissey                                    40     1   2  2  

Penalty Kill 4 Players Forward 
   Center                   Wing                     Time % Phy DF OF 
 1 Brayden Point            Ondrej Palat             60     0   3  2  
 2 Curtis Lazar             Jordan Martinook         40     0   3  2  

Penalty Kill 4 Players Defense
   Defense                  Defense                  Time % Phy DF OF 
 1 Ian Cole                 Matt Niskanen            60     1   3  1  
 2 Josh Morrissey           Jordie Benn              40     1   3  1  

Penalty Kill - 3 Players Forward 
   Forward                                           Time % Phy DF OF 
 1 Ondrej Palat                                      60     1   3  1  
 2 Jordan Martinook                                  40     1   3  1  

Penalty Kill - 3 Players Defense
   Defense                  Defense                  Time % Phy DF OF 
 1 Ian Cole                 Matt Niskanen            60     1   3  1  
 2 Josh Morrissey           Jordie Benn              40     1   3  1  

4 vs 4 Forward 
   Center                   Wing                     Time % Phy DF OF 
 1 Brayden Point            Ondrej Palat             60     1   2  2  
 2 Mark Scheifele           Brady Tkachuk            40     1   2  2  

4 vs 4 Defense
   Defense                  Defense                  Time % Phy DF OF 
 1 Josh Morrissey           Matt Niskanen            60     1   2  2  
 2 Ian Cole                 Ethan Bear               40     1   2  2  

Last Minutes Offensive
   Center                   Left Wing                Right Wing               Defense                  Defense                  
   Mark Scheifele           Jeff Skinner             Brayden Point            Josh Morrissey           Kevin Shattenkirk        

Last Minutes Defensive
   Center                   Left Wing                Right Wing               Defense                  Defense                  
   Brayden Point            Ondrej Palat             Joe Pavelski             Josh Morrissey           Matt Niskanen            

Goaltenders
Starting : Anton Khudobin           
Backup : Jonathan Quick           

Extra Forwards
Normal : Joe Pavelski, Jordan Martinook, Oskar Lindblom - PP : Justin Williams, Oskar Lindblom - PK : Ryan Reaves
Extra Defensemen
Normal : Ethan Bear, Jordie Benn, Matt Niskanen - PP : Ethan Bear - PK : Jordie Benn, Ian Cole
Penalty Shots
Brayden Point, Mark Scheifele, Jeff Skinner, Ondrej Palat, Brady Tkachuk

Scratches
TOR Cap Hit (Suspend)

NEW JERSEY

5 vs 5 Forward 
   Center                   Left Wing                Right Wing               Time % Phy DF OF 
 1 Sean Couturier           Alex DeBrincat           Jake Guentzel            37     0   2  3  
 2 Dylan Strome             Anders Lee               Evander Kane             30     2   1  2  
 3 Derek Stepan             Mikael Granlund          Anthony Duclair          24     1   2  2  
 4 Andrew Copp              Zach Aston-Reese         Danton Heinen            9      2   2  1  

5 vs 5 Defense 
   Defense                  Defense                                           Time % Phy DF OF 
 1 Dougie Hamilton          Jeff Petry                                        42     1   2  2  
 2 Jake Muzzin              Dmitry Orlov                                      33     1   2  2  
 3 Samuel Girard            Brad Hunt                                         25     1   2  2  
 4 Dougie Hamilton          Jeff Petry                                        0      1   2  2  

PowerPlay Forward 
   Center                   Left Wing                Right Wing               Time % Phy DF OF 
 1 Sean Couturier           Evander Kane             Jake Guentzel            60     1   2  2  
 2 Dylan Strome             Anders Lee               Alex DeBrincat           40     1   2  2  

PowerPlay Defense
   Defense                  Defense                                           Time % Phy DF OF 
 1 Dougie Hamilton          Jeff Petry                                        60     1   2  2  
 2 Jake Muzzin              Dmitry Orlov                                      40     1   2  2  

Penalty Kill 4 Players Forward 
   Center                   Wing                     Time % Phy DF OF 
 1 Sean Couturier           Anders Lee               60     1   2  2  
 2 Andrew Copp              Derek Stepan             40     1   2  2  

Penalty Kill 4 Players Defense
   Defense                  Defense                  Time % Phy DF OF 
 1 Dougie Hamilton          Jeff Petry               60     1   2  2  
 2 Jake Muzzin              Dmitry Orlov             40     1   2  2  

Penalty Kill - 3 Players Forward 
   Forward                                           Time % Phy DF OF 
 1 Sean Couturier                                    60     1   2  2  
 2 Andrew Copp                                       40     1   2  2  

Penalty Kill - 3 Players Defense
   Defense                  Defense                  Time % Phy DF OF 
 1 Dougie Hamilton          Jeff Petry               60     1   2  2  
 2 Jake Muzzin              Dmitry Orlov             40     1   2  2  

4 vs 4 Forward 
   Center                   Wing                     Time % Phy DF OF 
 1 Sean Couturier           Evander Kane             60     1   2  2  
 2 Derek Stepan             Anders Lee               40     1   2  2  

4 vs 4 Defense
   Defense                  Defense                  Time % Phy DF OF 
 1 Dougie Hamilton          Jeff Petry               60     1   2  2  
 2 Jake Muzzin              Dmitry Orlov             40     1   2  2  

Last Minutes Offensive
   Center                   Left Wing                Right Wing               Defense                  Defense                  
   Sean Couturier           Evander Kane             Jake Guentzel            Dougie Hamilton          Jeff Petry               

Last Minutes Defensive
   Center                   Left Wing                Right Wing               Defense                  Defense                  
   Sean Couturier           Evander Kane             Jake Guentzel            Dougie Hamilton          Jeff Petry               

Goaltenders
Starting : Cal Petersen             
Backup : Matt Murray              

Extra Forwards
Normal : Dylan Strome, Mikael Granlund, Anthony Duclair - PP : Dylan Strome, Mikael Granlund - PK : Anthony Duclair
Extra Defensemen
Normal : Samuel Girard, Brad Hunt, Jake Muzzin - PP : Samuel Girard - PK : Brad Hunt, Jake Muzzin
Penalty Shots
Sean Couturier, Evander Kane, Anders Lee, Jake Guentzel, Alex DeBrincat

Scratches
Jonathan Bernier (Healthy)

% Time on Ice - TORONTO

Lines # - Real PCT - Wanted PCT - Time Play
Normal Forward
1 - 34% - 35% - 15:58
2 - 30% - 30% - 14:10
3 - 21% - 20% - 9:38
4 - 15% - 15% - 7:07
Normal Defense
1 - 35% - 35% - 16:22
2 - 36% - 35% - 16:46
3 - 29% - 25% - 13:45
4 - 0% - 5% - 0:00
PP Forward
1 - 61% - 60% - 1:13
2 - 39% - 40% - 0:46
PP Defense
1 - 61% - 60% - 1:13
2 - 39% - 40% - 0:46
PK Forward
1 - 60% - 60% - 6:41
2 - 40% - 40% - 4:27
PK Defense
1 - 60% - 60% - 6:38
2 - 40% - 40% - 4:30
PK3 Forward
1 - 0% - 60%
2 - 0% - 40%
PK3 Defense
1 - 0% - 60%
2 - 0% - 40%
44 Forward
1 - 0% - 60%
2 - 0% - 40%
44 Defense
1 - 0% - 60%
2 - 0% - 40%
Last Minute Offensive  - 0:00
Last Minute Defensive  - 0:00
Total
Forward - 60:00
Defense - 60:00

% Time on Ice - NEW JERSEY

Lines # - Real PCT - Wanted PCT - Time Play
Normal Forward
1 - 31% - 37% - 14:33
2 - 26% - 30% - 11:58
3 - 27% - 24% - 12:43
4 - 16% - 9% - 7:39
Normal Defense
1 - 38% - 42% - 17:46
2 - 32% - 33% - 14:53
3 - 30% - 25% - 14:14
4 - 0% - 0% - 0:00
PP Forward
1 - 52% - 60% - 5:46
2 - 48% - 40% - 5:22
PP Defense
1 - 50% - 60% - 5:31
2 - 50% - 40% - 5:37
PK Forward
1 - 77% - 60% - 1:32
2 - 23% - 40% - 0:27
PK Defense
1 - 49% - 60% - 0:58
2 - 51% - 40% - 1:01
PK3 Forward
1 - 0% - 60%
2 - 0% - 40%
PK3 Defense
1 - 0% - 60%
2 - 0% - 40%
44 Forward
1 - 0% - 60%
2 - 0% - 40%
44 Defense
1 - 0% - 60%
2 - 0% - 40%
Last Minute Offensive  - 0:00
Last Minute Defensive  - 0:00
Total
Forward - 60:00
Defense - 60:00

Play-by-Play

1st period


0:01 of 1st period - Sean Couturier wins face-off versus Mark Scheifele in neutral zone.
0:17 of 1st period - Minor Penalty to Matt Niskanen for Tripping.
0:18 of 1st period - Dylan Strome wins face-off versus Ondrej Palat in TORONTO zone.
0:19 of 1st period - Shot by Dmitry Orlov.
0:19 of 1st period - Stopped by Anton Khudobin with a rebound.
1:39 of 1st period - Shot by Sean Couturier.
1:39 of 1st period - Stopped by Anton Khudobin with a rebound.
1:41 of 1st period - Shot by Jeff Petry.
1:41 of 1st period - Shot Blocked by Ethan Bear.
1:43 of 1st period - Shot by Dougie Hamilton.
1:43 of 1st period - Stopped by Anton Khudobin without a rebound.
1:44 of 1st period - Sean Couturier wins face-off versus Curtis Lazar in TORONTO zone.
1:45 of 1st period - Shot by Dougie Hamilton.
1:45 of 1st period - Shot Misses the Net.
1:49 of 1st period - Shot by Jake Guentzel.
1:49 of 1st period - Shot Blocked by Jordan Martinook.
1:51 of 1st period - Shot by Sean Couturier.
1:51 of 1st period - Stopped by Anton Khudobin without a rebound.
1:52 of 1st period - Curtis Lazar wins face-off versus Sean Couturier in TORONTO zone.
2:15 of 1st period - Shot by Evander Kane.
2:15 of 1st period - Deflect By Sean Couturier.
2:15 of 1st period - Shot Blocked by Josh Morrissey.
2:40 of 1st period - Minor Penalty to Ethan Bear for Interference.
2:41 of 1st period - Brayden Point wins face-off versus Dylan Strome in TORONTO zone.
2:49 of 1st period - Icing by Anders Lee.
2:50 of 1st period - Brayden Point wins face-off versus Dylan Strome in NEW JERSEY zone.
3:28 of 1st period - Shot by Jeff Petry.
3:28 of 1st period - Stopped by Anton Khudobin without a rebound.
3:29 of 1st period - Brayden Point wins face-off versus Sean Couturier in TORONTO zone.
5:12 of 1st period - Shot by Brady Tkachuk.
5:12 of 1st period - Stopped by Cal Petersen with a rebound.
5:17 of 1st period - Icing by Derek Stepan.
5:18 of 1st period - Mark Scheifele wins face-off versus Derek Stepan in NEW JERSEY zone.
6:19 of 1st period - Oskar Lindblom is hit by Jeff Petry and loses puck.
6:26 of 1st period - Ian Cole is hit by Jake Guentzel and loses puck.
6:37 of 1st period - Shot by Sean Couturier.
6:37 of 1st period - Goal by Sean Couturier - TORONTO : 0 - NEW JERSEY : 1.
6:38 of 1st period - Curtis Lazar wins face-off versus Dylan Strome in neutral zone.
6:38 of 1st period - Curtis Lazar is hit by Anders Lee.
6:46 of 1st period - Icing by Jake Muzzin.
6:47 of 1st period - Joe Pavelski wins face-off versus Dylan Strome in NEW JERSEY zone.
6:57 of 1st period - Jeff Skinner is hit by Jake Muzzin and loses puck.
7:13 of 1st period - Jake Muzzin is hit by Ethan Bear and loses puck.
7:53 of 1st period - Shot by Alex DeBrincat.
7:53 of 1st period - Shot Misses the Net.
8:08 of 1st period - Off-side.
8:09 of 1st period - Andrew Copp wins face-off versus Mark Scheifele in neutral zone.
9:13 of 1st period - Icing by Samuel Girard.
9:14 of 1st period - Andrew Copp wins face-off versus Nick Suzuki in NEW JERSEY zone.
9:37 of 1st period - Shot by Oskar Lindblom.
9:37 of 1st period - Shot Misses the Net.
9:39 of 1st period - Shot by Ian Cole.
9:39 of 1st period - Shot Blocked by Jeff Petry.
9:41 of 1st period - Shot by Oskar Lindblom.
9:41 of 1st period - Shot Blocked by Jake Guentzel.
10:09 of 1st period - Josh Morrissey is hit by Jake Guentzel and loses puck.
10:17 of 1st period - Off-side.
10:18 of 1st period - Dylan Strome wins face-off versus Mark Scheifele in neutral zone.
10:34 of 1st period - Off-side.
10:35 of 1st period - Joe Pavelski wins face-off versus Derek Stepan in neutral zone.
10:51 of 1st period - Minor Penalty to Ethan Bear for Slashing.
10:52 of 1st period - Jake Guentzel wins face-off versus Brayden Point in TORONTO zone.
11:16 of 1st period - Icing by Jeff Petry.
11:17 of 1st period - Sean Couturier wins face-off versus Ondrej Palat in NEW JERSEY zone.
11:44 of 1st period - Jordan Martinook is hit by Evander Kane and loses puck.
11:59 of 1st period - Shot by Anders Lee.
11:59 of 1st period - Shot Misses the Net.
12:01 of 1st period - Shot by Dmitry Orlov.
12:01 of 1st period - Stopped by Anton Khudobin with a rebound.
12:03 of 1st period - Shot by Anders Lee.
12:03 of 1st period - Stopped by Anton Khudobin with a rebound.
12:11 of 1st period - Shot by Dmitry Orlov.
12:11 of 1st period - Deflect By Anders Lee.
12:11 of 1st period - Shot Hit the Post.
12:33 of 1st period - Brayden Point is hit by Anders Lee and loses puck.
12:44 of 1st period - Shot by Dougie Hamilton.
12:44 of 1st period - Shot Misses the Net.
12:46 of 1st period - Shot by Dougie Hamilton.
12:46 of 1st period - Stopped by Anton Khudobin with a rebound.
12:48 of 1st period - Shot by Sean Couturier.
12:48 of 1st period - Goal by Sean Couturier - TORONTO : 0 - NEW JERSEY : 2.
12:49 of 1st period - Derek Stepan wins face-off versus Nick Suzuki in neutral zone.
12:52 of 1st period - Shot by Samuel Girard.
12:52 of 1st period - Stopped by Anton Khudobin without a rebound.
12:53 of 1st period - Nick Suzuki wins face-off versus Derek Stepan in TORONTO zone.
13:25 of 1st period - Shot by Nick Suzuki.
13:25 of 1st period - Shot Misses the Net.
14:08 of 1st period - Off-side.
14:09 of 1st period - Dylan Strome wins face-off versus Mark Scheifele in neutral zone.
14:14 of 1st period - Shot by Evander Kane.
14:14 of 1st period - Stopped by Anton Khudobin without a rebound.
14:15 of 1st period - Dylan Strome wins face-off versus Ondrej Palat in TORONTO zone.
14:15 of 1st period - Dmitry Orlov is hit by Matt Niskanen.
14:19 of 1st period - Shot by Evander Kane.
14:19 of 1st period - Shot Misses the Net.
14:21 of 1st period - Shot by Anders Lee.
14:21 of 1st period - Shot Misses the Net.
14:23 of 1st period - Shot by Anders Lee.
14:23 of 1st period - Stopped by Anton Khudobin with a rebound.
14:25 of 1st period - Shot by Evander Kane.
14:25 of 1st period - Stopped by Anton Khudobin without a rebound.
14:26 of 1st period - Joe Pavelski wins face-off versus Sean Couturier in TORONTO zone.
14:38 of 1st period - Shot by Joe Pavelski.
14:38 of 1st period - Stopped by Cal Petersen with a rebound.
15:04 of 1st period - Shot by Jeff Skinner.
15:04 of 1st period - Stopped by Cal Petersen without a rebound.
15:05 of 1st period - Mark Scheifele wins face-off versus Dylan Strome in NEW JERSEY zone.
15:07 of 1st period - Brayden Point is hit by Jake Muzzin and loses puck.
15:26 of 1st period - Shot by Mark Scheifele.
15:26 of 1st period - Stopped by Cal Petersen without a rebound.
15:27 of 1st period - Derek Stepan wins face-off versus Ryan Reaves in NEW JERSEY zone.
15:56 of 1st period - Shot by Curtis Lazar.
15:56 of 1st period - Stopped by Cal Petersen with a rebound.
16:49 of 1st period - Shot by Dylan Strome.
16:49 of 1st period - Shot Misses the Net.
16:51 of 1st period - Shot by Dougie Hamilton.
16:51 of 1st period - Shot Hit the Post.
16:53 of 1st period - Shot by Jeff Petry.
16:53 of 1st period - Stopped by Anton Khudobin without a rebound.
16:54 of 1st period - Sean Couturier wins face-off versus Joe Pavelski in TORONTO zone.
17:55 of 1st period - Justin Williams is hit by Evander Kane and loses puck.
18:12 of 1st period - Shot by Nick Suzuki.
18:12 of 1st period - Stopped by Cal Petersen without a rebound.
18:13 of 1st period - Mark Scheifele wins face-off versus Andrew Copp in NEW JERSEY zone.
18:15 of 1st period - Ondrej Palat is hit by Dougie Hamilton and loses puck.
18:21 of 1st period - Andrew Copp is hit by Matt Niskanen and loses puck.
19:19 of 1st period - Shot by Dylan Strome.
19:19 of 1st period - Stopped by Anton Khudobin without a rebound.
19:20 of 1st period - Alex DeBrincat wins face-off versus Jeff Skinner in TORONTO zone.
19:57 of 1st period - Shot by Ian Cole.
19:57 of 1st period - Shot Misses the Net.
19:59 of 1st period - Shot by Ian Cole.
19:59 of 1st period - Stopped by Cal Petersen without a rebound.
Goals for this period are 0 for TORONTO vs 2 for NEW JERSEY.
Shots for this period are 7 for TORONTO vs 16 for NEW JERSEY.

2nd period


0:01 of 2nd period - Dylan Strome wins face-off versus Mark Scheifele in neutral zone.
0:58 of 2nd period - Shot by Alex DeBrincat.
0:58 of 2nd period - Shot Misses the Net.
1:26 of 2nd period - Shot by Brady Tkachuk.
1:26 of 2nd period - Stopped by Cal Petersen without a rebound.
1:27 of 2nd period - Joe Pavelski wins face-off versus Anthony Duclair in NEW JERSEY zone.
1:41 of 2nd period - Samuel Girard is hit by Brady Tkachuk and loses puck.
1:52 of 2nd period - Shot by Joe Pavelski.
1:52 of 2nd period - Shot Misses the Net.
1:54 of 2nd period - Shot by Ethan Bear.
1:54 of 2nd period - Goal by Ethan Bear - TORONTO : 1 - NEW JERSEY : 2.
1:55 of 2nd period - Dylan Strome wins face-off versus Curtis Lazar in neutral zone.
1:58 of 2nd period - Shot by Evander Kane.
1:58 of 2nd period - Shot Misses the Net.
2:03 of 2nd period - Jordan Martinook is hit by Dougie Hamilton and loses puck.
2:16 of 2nd period - Shot by Curtis Lazar.
2:16 of 2nd period - Shot Blocked by Dougie Hamilton.
2:18 of 2nd period - Shot by Jordie Benn.
2:18 of 2nd period - Deflect By Curtis Lazar.
2:18 of 2nd period - Shot Misses the Net.
2:20 of 2nd period - Shot by Jordie Benn.
2:20 of 2nd period - Stopped by Cal Petersen with a rebound.
2:54 of 2nd period - Icing by Jeff Petry.
2:55 of 2nd period - Brady Tkachuk wins face-off versus Dylan Strome in NEW JERSEY zone.
3:09 of 2nd period - Brady Tkachuk is hit by Dougie Hamilton and loses puck.
3:20 of 2nd period - Shot by Joe Pavelski.
3:20 of 2nd period - Deflect By Jeff Skinner.
3:20 of 2nd period - Shot Blocked by Dougie Hamilton.
3:22 of 2nd period - Shot by Matt Niskanen.
3:22 of 2nd period - Shot Misses the Net.
3:27 of 2nd period - Brady Tkachuk is hit by Jeff Petry and loses puck.
3:50 of 2nd period - Shot by Ondrej Palat.
3:50 of 2nd period - Shot Misses the Net.
3:52 of 2nd period - Shot by Ethan Bear.
3:52 of 2nd period - Shot Blocked by Dougie Hamilton.
4:02 of 2nd period - Shot by Ondrej Palat.
4:02 of 2nd period - Deflect By Mark Scheifele.
4:02 of 2nd period - Stopped by Cal Petersen without a rebound.
4:03 of 2nd period - Sean Couturier wins face-off versus Nick Suzuki in NEW JERSEY zone.
4:31 of 2nd period - Shot by Oskar Lindblom.
4:31 of 2nd period - Stopped by Cal Petersen without a rebound.
4:32 of 2nd period - Derek Stepan wins face-off versus Mark Scheifele in NEW JERSEY zone.
4:48 of 2nd period - Samuel Girard is hit by Mark Scheifele and loses puck.
5:00 of 2nd period - Off-side.
5:01 of 2nd period - Sean Couturier wins face-off versus Joe Pavelski in neutral zone.
5:28 of 2nd period - Brady Tkachuk is hit by Dmitry Orlov and loses puck.
5:39 of 2nd period - Shot by Josh Morrissey.
5:39 of 2nd period - Stopped by Cal Petersen without a rebound.
5:40 of 2nd period - Mark Scheifele wins face-off versus Derek Stepan in NEW JERSEY zone.
5:57 of 2nd period - Shot by Ondrej Palat.
5:57 of 2nd period - Stopped by Cal Petersen without a rebound.
5:58 of 2nd period - Curtis Lazar wins face-off versus Andrew Copp in NEW JERSEY zone.
7:51 of 2nd period - Shot by Oskar Lindblom.
7:51 of 2nd period - Stopped by Cal Petersen with a rebound.
8:14 of 2nd period - Icing by Dylan Strome.
8:15 of 2nd period - Joe Pavelski wins face-off versus Dylan Strome in NEW JERSEY zone.
8:26 of 2nd period - Shot by Evander Kane.
8:26 of 2nd period - Stopped by Anton Khudobin with a rebound.
9:22 of 2nd period - Shot by Derek Stepan.
9:22 of 2nd period - Stopped by Anton Khudobin without a rebound.
9:23 of 2nd period - Nick Suzuki wins face-off versus Andrew Copp in TORONTO zone.
9:23 of 2nd period - Nick Suzuki is hit by Zach Aston-Reese.
9:32 of 2nd period - Andrew Copp is hit by Oskar Lindblom and loses puck.
9:41 of 2nd period - Shot by Justin Williams.
9:41 of 2nd period - Stopped by Cal Petersen without a rebound.
9:42 of 2nd period - Derek Stepan wins face-off versus Brayden Point in NEW JERSEY zone.
9:42 of 2nd period - Derek Stepan is hit by Ondrej Palat.
9:49 of 2nd period - Icing by Jeff Petry.
9:50 of 2nd period - Mark Scheifele wins face-off versus Derek Stepan in NEW JERSEY zone.
10:49 of 2nd period - Mikael Granlund is hit by Justin Williams and loses puck.
10:57 of 2nd period - Nick Suzuki is hit by Jeff Petry and loses puck.
11:02 of 2nd period - Shot by Oskar Lindblom.
11:02 of 2nd period - Shot Misses the Net.
11:04 of 2nd period - Shot by Matt Niskanen.
11:04 of 2nd period - Stopped by Cal Petersen without a rebound.
11:05 of 2nd period - Sean Couturier wins face-off versus Joe Pavelski in NEW JERSEY zone.
11:05 of 2nd period - Dmitry Orlov is hit by Brady Tkachuk and loses puck.
11:18 of 2nd period - Shot by Sean Couturier.
11:18 of 2nd period - Shot Misses the Net.
11:21 of 2nd period - Minor Penalty to Ian Cole for Hooking.
11:22 of 2nd period - Brayden Point wins face-off versus Dylan Strome in TORONTO zone.
11:22 of 2nd period - Brayden Point is hit by Anders Lee.
12:49 of 2nd period - Icing by Jake Muzzin.
12:50 of 2nd period - Brayden Point wins face-off versus Dylan Strome in NEW JERSEY zone.
13:05 of 2nd period - Shot by Jake Muzzin.
13:05 of 2nd period - Shot Misses the Net.
13:07 of 2nd period - Shot by Alex DeBrincat.
13:07 of 2nd period - Shot Misses the Net.
13:33 of 2nd period - Anthony Duclair is hit by Ian Cole and loses puck.
14:06 of 2nd period - Icing by Brady Tkachuk.
14:07 of 2nd period - Andrew Copp wins face-off versus Joe Pavelski in TORONTO zone.
15:32 of 2nd period - Shot by Brayden Point.
15:32 of 2nd period - Stopped by Cal Petersen without a rebound.
15:33 of 2nd period - Curtis Lazar wins face-off versus Sean Couturier in NEW JERSEY zone.
16:27 of 2nd period - Derek Stepan is hit by Jordie Benn and loses puck.
16:47 of 2nd period - Jordan Martinook is hit by Derek Stepan and loses puck.
16:58 of 2nd period - Shot by Derek Stepan.
16:58 of 2nd period - Shot Misses the Net.
18:00 of 2nd period - Icing by Jake Muzzin.
18:01 of 2nd period - Joe Pavelski wins face-off versus Andrew Copp in NEW JERSEY zone.
18:06 of 2nd period - Shot by Jeff Skinner.
18:06 of 2nd period - Shot Misses the Net.
18:26 of 2nd period - Shot by Sean Couturier.
18:26 of 2nd period - Stopped by Anton Khudobin without a rebound.
18:27 of 2nd period - Sean Couturier wins face-off versus Mark Scheifele in TORONTO zone.
18:27 of 2nd period - Jake Guentzel is hit by Josh Morrissey and loses puck.
18:34 of 2nd period - Shot by Jake Guentzel.
18:34 of 2nd period - Shot Misses the Net.
18:50 of 2nd period - Shot by Sean Couturier.
18:50 of 2nd period - Shot Misses the Net.
18:55 of 2nd period - Icing by Mark Scheifele.
18:56 of 2nd period - Mark Scheifele wins face-off versus Dylan Strome in TORONTO zone.
19:05 of 2nd period - Shot by Samuel Girard.
19:05 of 2nd period - Stopped by Anton Khudobin without a rebound.
19:06 of 2nd period - Joe Pavelski wins face-off versus Derek Stepan in TORONTO zone.
Goals for this period are 1 for TORONTO vs 0 for NEW JERSEY.
Shots for this period are 11 for TORONTO vs 4 for NEW JERSEY.

3rd period


0:01 of 3rd period - Sean Couturier wins face-off versus Mark Scheifele in neutral zone.
0:01 of 3rd period - Sean Couturier is hit by Ondrej Palat.
0:02 of 3rd period - Minor Penalty to Ondrej Palat for Cross-checking.
0:03 of 3rd period - Brayden Point wins face-off versus Sean Couturier in TORONTO zone.
0:03 of 3rd period - Brayden Point is hit by Evander Kane.
0:12 of 3rd period - Icing by Dougie Hamilton.
0:13 of 3rd period - Sean Couturier wins face-off versus Brayden Point in NEW JERSEY zone.
0:25 of 3rd period - Shot by Jeff Petry.
0:25 of 3rd period - Shot Misses the Net.
0:39 of 3rd period - Shot by Jeff Petry.
0:39 of 3rd period - Stopped by Anton Khudobin without a rebound.
0:40 of 3rd period - Brayden Point wins face-off versus Dylan Strome in TORONTO zone.
1:38 of 3rd period - Shot by Sean Couturier.
1:38 of 3rd period - Stopped by Anton Khudobin without a rebound.
1:39 of 3rd period - Brayden Point wins face-off versus Sean Couturier in TORONTO zone.
2:23 of 3rd period - Icing by Ethan Bear.
2:24 of 3rd period - Nick Suzuki wins face-off versus Andrew Copp in TORONTO zone.
2:29 of 3rd period - Shot by Andrew Copp.
2:29 of 3rd period - Shot Blocked by Ethan Bear.
2:45 of 3rd period - Shot by Justin Williams.
2:45 of 3rd period - Shot Misses the Net.
3:10 of 3rd period - Icing by Kevin Shattenkirk.
3:11 of 3rd period - Nick Suzuki wins face-off versus Alex DeBrincat in TORONTO zone.
3:13 of 3rd period - Icing by Justin Williams.
3:14 of 3rd period - Alex DeBrincat wins face-off versus Nick Suzuki in TORONTO zone.
4:09 of 3rd period - Shot by Ondrej Palat.
4:09 of 3rd period - Stopped by Cal Petersen without a rebound.
4:10 of 3rd period - Dylan Strome wins face-off versus Joe Pavelski in NEW JERSEY zone.
4:30 of 3rd period - Shot by Evander Kane.
4:30 of 3rd period - Shot Misses the Net.
4:32 of 3rd period - Shot by Jake Muzzin.
4:32 of 3rd period - Stopped by Anton Khudobin without a rebound.
4:33 of 3rd period - Derek Stepan wins face-off versus Curtis Lazar in TORONTO zone.
4:37 of 3rd period - Minor Penalty to Mikael Granlund for Tripping.
4:38 of 3rd period - Sean Couturier wins face-off versus Joe Pavelski in NEW JERSEY zone.
5:26 of 3rd period - Icing by Josh Morrissey.
5:27 of 3rd period - Andrew Copp wins face-off versus Nick Suzuki in TORONTO zone.
5:59 of 3rd period - Jeff Skinner is hit by Andrew Copp and loses puck.
6:05 of 3rd period - Off-side.
6:06 of 3rd period - Ondrej Palat wins face-off versus Anders Lee in neutral zone.
6:51 of 3rd period - Danton Heinen is hit by Jordan Martinook and loses puck.
7:12 of 3rd period - Shot by Andrew Copp.
7:12 of 3rd period - Stopped by Anton Khudobin with a rebound.
7:42 of 3rd period - Shot by Derek Stepan.
7:42 of 3rd period - Shot Blocked by Josh Morrissey.
7:50 of 3rd period - Shot by Mikael Granlund.
7:50 of 3rd period - Stopped by Anton Khudobin without a rebound.
7:51 of 3rd period - Mark Scheifele wins face-off versus Sean Couturier in TORONTO zone.
8:55 of 3rd period - Icing by Dmitry Orlov.
8:56 of 3rd period - Dylan Strome wins face-off versus Nick Suzuki in NEW JERSEY zone.
9:03 of 3rd period - Shot by Anders Lee.
9:03 of 3rd period - Goal by Anders Lee - TORONTO : 1 - NEW JERSEY : 3.
9:04 of 3rd period - Mikael Granlund wins face-off versus Joe Pavelski in neutral zone.
9:04 of 3rd period - Brad Hunt is hit by Brady Tkachuk and loses puck.
9:17 of 3rd period - Shot by Brady Tkachuk.
9:17 of 3rd period - Stopped by Cal Petersen without a rebound.
9:18 of 3rd period - Dylan Strome wins face-off versus Nick Suzuki in NEW JERSEY zone.
9:18 of 3rd period - Dylan Strome is hit by Oskar Lindblom.
9:32 of 3rd period - Shot by Evander Kane.
9:32 of 3rd period - Stopped by Anton Khudobin without a rebound.
9:33 of 3rd period - Sean Couturier wins face-off versus Joe Pavelski in TORONTO zone.
10:14 of 3rd period - Shot by Jake Guentzel.
10:14 of 3rd period - Stopped by Anton Khudobin without a rebound.
10:15 of 3rd period - Dylan Strome wins face-off versus Mark Scheifele in TORONTO zone.
10:16 of 3rd period - Shot by Evander Kane.
10:16 of 3rd period - Shot Misses the Net.
10:38 of 3rd period - Shot by Dylan Strome.
10:38 of 3rd period - Stopped by Anton Khudobin with a rebound.
10:40 of 3rd period - Shot by Dylan Strome.
10:40 of 3rd period - Shot Misses the Net.
10:50 of 3rd period - Shot by Evander Kane.
10:50 of 3rd period - Shot Misses the Net.
11:39 of 3rd period - Samuel Girard is hit by Justin Williams and loses puck.
12:05 of 3rd period - Icing by Dmitry Orlov.
12:06 of 3rd period - Sean Couturier wins face-off versus Joe Pavelski in NEW JERSEY zone.
12:06 of 3rd period - Jake Muzzin is hit by Brady Tkachuk and loses puck.
12:17 of 3rd period - Shot by Jake Guentzel.
12:17 of 3rd period - Shot Blocked by Matt Niskanen.
12:19 of 3rd period - Shot by Jake Guentzel.
12:19 of 3rd period - Stopped by Anton Khudobin with a rebound.
12:21 of 3rd period - Shot by Jake Guentzel.
12:21 of 3rd period - Shot Misses the Net.
13:11 of 3rd period - Shot by Ryan Reaves.
13:11 of 3rd period - Shot Misses the Net.
13:13 of 3rd period - Shot by Kevin Shattenkirk.
13:13 of 3rd period - Goal by Kevin Shattenkirk - TORONTO : 2 - NEW JERSEY : 3.
13:14 of 3rd period - Derek Stepan wins face-off versus Mark Scheifele in neutral zone.
14:02 of 3rd period - Icing by Ian Cole.
14:03 of 3rd period - Dylan Strome wins face-off versus Mark Scheifele in TORONTO zone.
14:13 of 3rd period - Shot by Dylan Strome.
14:13 of 3rd period - Stopped by Anton Khudobin without a rebound.
14:14 of 3rd period - Joe Pavelski wins face-off versus Andrew Copp in TORONTO zone.
15:04 of 3rd period - Icing by Zach Aston-Reese.
15:05 of 3rd period - Andrew Copp wins face-off versus Nick Suzuki in NEW JERSEY zone.
15:40 of 3rd period - Shot by Evander Kane.
15:40 of 3rd period - Stopped by Anton Khudobin with a rebound.
15:42 of 3rd period - Shot by Jeff Petry.
15:42 of 3rd period - Shot Blocked by Kevin Shattenkirk.
15:44 of 3rd period - Shot by Anders Lee.
15:44 of 3rd period - Shot Misses the Net.
15:46 of 3rd period - Shot by Jeff Petry.
15:46 of 3rd period - Stopped by Anton Khudobin without a rebound.
15:47 of 3rd period - Sean Couturier wins face-off versus Mark Scheifele in TORONTO zone.
16:22 of 3rd period - Shot by Ondrej Palat.
16:22 of 3rd period - Shot Blocked by Sean Couturier.
17:01 of 3rd period - Shot by Joe Pavelski.
17:01 of 3rd period - Shot Misses the Net.
17:14 of 3rd period - Icing by Evander Kane.
17:15 of 3rd period - Dylan Strome wins face-off versus Nick Suzuki in NEW JERSEY zone.
17:24 of 3rd period - Shot by Jeff Petry.
17:24 of 3rd period - Stopped by Anton Khudobin with a rebound.
17:26 of 3rd period - Shot by Dougie Hamilton.
17:26 of 3rd period - Stopped by Anton Khudobin without a rebound.
17:27 of 3rd period - Derek Stepan wins face-off versus Curtis Lazar in TORONTO zone.
17:51 of 3rd period - Off-side.
17:52 of 3rd period - Mark Scheifele wins face-off versus Dylan Strome in neutral zone.
18:43 of 3rd period - Off-side.
18:44 of 3rd period - Sean Couturier wins face-off versus Joe Pavelski in neutral zone.
18:44 of 3rd period - Minor Penalty to Joe Pavelski for High sticking.
18:45 of 3rd period - Sean Couturier wins face-off versus Curtis Lazar in TORONTO zone.
19:41 of 3rd period - Shot by Dougie Hamilton.
19:41 of 3rd period - Shot Misses the Net.
19:43 of 3rd period - Shot by Jeff Petry.
19:43 of 3rd period - Shot Misses the Net.
19:45 of 3rd period - Shot by Dylan Strome.
19:45 of 3rd period - Shot Misses the Net.
19:47 of 3rd period - Shot by Dougie Hamilton.
19:47 of 3rd period - Shot Misses the Net.
19:49 of 3rd period - Shot by Dougie Hamilton.
19:49 of 3rd period - Stopped by Anton Khudobin without a rebound.
19:50 of 3rd period - Dylan Strome wins face-off versus Brayden Point in TORONTO zone.
Goals for this period are 1 for TORONTO vs 1 for NEW JERSEY.
Shots for this period are 3 for TORONTO vs 16 for NEW JERSEY.